AoeStats
← VIT Liereyy

Arena

508424253Analyzed
1v1 RM · 11d ago on Sep 22, 2026· 35m 33s· 2 players
Game mode
Random Map
Map size
Tiny (2 player)
Population
200
Speed
Normal
Resources
Standard
Victory
Conquest
Starting age
Dark Age
Ending age
Imperial Age
RankedLock teamsTeams togetherTeam positionsShared explorationLock speedFull tech treeHidden civsTurbo modeCheats
Victory
Defeat
🇮🇹 Ethiopians · Italy
2636
+27
🇦🇹 Khmer · Austria
2928
-27
VIT Liereyy
9:41 Feudal Age
12:27 Castle Age
10:57 Double-Bit Axe
11:25 Horse Collar
13:20 Bow Saw
18:56 Wheelbarrow
18:43 Heavy Plow
20:42 Gold Mining
25:19 Imperial Age
23:00 Fletching
22:42 Crossbowman
23:44 Bodkin Arrow
23:42 Loom
25:00 Padded Archer Armor
25:40 Ballistics
26:14 Bracer
26:29 Town Watch
27:00 Hand Cart
26:56 Arbalester
29:46 Chemistry
29:05 Scale Barding Armor
29:43 Conscription
29:09 Cavalier
30:26 Husbandry
31:26 Bloodlines
32:19 Forging
32:51 Chain Barding Armor
34:53 Plate Barding Armor
35:21 Iron Casting
35:43 Siege Engineers
RoR | Vodka_L_2
9:40 Feudal Age
13:11 Castle Age
11:05 Horse Collar
11:40 Double-Bit Axe
14:11 Bow Saw
19:46 Wheelbarrow
21:42 Hand Cart
21:52 Heavy Plow
23:40 Loom
26:26 Imperial Age
24:33 Stone Mining
25:09 Gold Mining
25:44 Fletching
26:09 Masonry
26:27 Onager
28:12 Chemistry
30:01 Chemistry
29:29 Conscription
29:35 Siege Engineers
30:02 Halberdier
30:42 Squires
31:09 Scale Mail Armor
32:31 Torsion Engines
33:08 Chain Mail Armor
35:16 Plate Mail Armor
34:57 Forging
35:28 Fortified Wall
Connection lost

Rejoining the realm…

Still unreachable

The connection could not be restored.

Session expired

The server has moved on; the page needs a fresh start.